 Dungeon Crawl Stone Soup version 0.22-a0-469-gf26638a (webtiles) character file.

19 sauken the Skirmisher (level 2, 0/26 HPs)
             Began as a Demigod Fighter on June 11, 2018.
             Slain by a gnoll
             ... wielding a +0 spear
              (3 damage)
             ... on level 2 of the Dungeon.
             The game lasted 00:01:58 (828 turns).

sauken the Skirmisher (Demigod Fighter)              Turns: 828, Time: 00:01:59

Health: 0/26       AC:  5    Str: 19    XL:     2   Next: 39%
Magic:  4/4        EV:  9    Int: 12    God:
Gold:   41         SH:  0    Dex: 15    Spells: 1/1 levels left

rFire    . . .     SeeInvis .   a - +0 war axe
rCold    . . .     Gourm    .   (no shield)
rNeg     . . .     Faith    .   b - +0 scale mail
rPois    .         Spirit   .   l - +0 hat
rElec    .         Reflect  .   (no cloak)
rCorr    .         Harm     .   (no gloves)
MR       .....     Clarity  +   g - +1 pair of boots
Stlth    ..........             (no amulet)
HPRegen  0.08/turn              (no ring)
MPRegen  0.09/turn              (no ring)

@: no status effects
A: blink, clarity, deformed body, high mp 1
a: Blink


You were on level 2 of the Dungeon.
You were not hungry.

You visited 1 branch of the dungeon, and saw 2 of its levels.

You collected 41 gold pieces.

Inventory:

Hand Weapons
 a - a +0 war axe (weapon)
Armour
 b - a +0 scale mail (worn)
 c - a +0 shield
 g - a +1 pair of boots (worn)
 l - a +0 hat (worn)
Scrolls
 e - a scroll of amnesia {unknown}
 i - a scroll of fear {unknown}
 j - 2 scrolls of teleportation {unknown}
 m - a scroll of fog {unknown}
 n - a scroll of identify {unknown}
 o - a scroll of remove curse {unknown}
Potions
 d - a potion of might
Comestibles
 f - 3 rations


   Skills:
 + Level 3.0 Fighting
 * Level 2.6 Axes
 - Level 2.6 Armour
 - Level 2.6 Shields


You had one spell level left.
You didn't know any spells.
Your spell library was empty.

Dungeon Overview and Level Annotations

Branches:
Dungeon (2/15)


Innate Abilities, Weirdness & Mutations

You have an increased reservoir of magic. (+10% MP)
You can translocate small distances at will.
You possess an exceptional clarity of mind.
Armour fits poorly on your strangely shaped body.


Message History

The gnoll closely misses you. The gnoll completely misses you.
The gnoll barely misses you.
You hit the gnoll.
The gnoll is severely wounded.
The gnoll hits you but does no damage. x2
You barely miss the gnoll.
The gnoll is severely wounded.
The gnoll hits you but does no damage. x2
The gnoll hits you from afar with a spear.
You hit the gnoll but do no damage.
The gnoll is severely wounded.
The gnoll hits you with a spear.
The gnoll hits you from afar with a spear.
* * * LOW HITPOINT WARNING * * *
The gnoll closely misses you.
You closely miss the gnoll.
The gnoll is severely wounded.
The gnoll closely misses you. The gnoll hits you but does no damage.
The gnoll hits you from afar with a spear.
You die...

#..# #..#
#..# ## #..#
... #..####
.... #.....#
..... #.###.#
......#####.#
#.###
.....ggg@...#
#...#
#############
###.####
#....# ####<#
#.# #.( ####


You could see 3 gnolls.

Vanquished Creatures
  A bat (D:1)
  2 giant cockroaches (D:1)
  3 hobgoblins (D:1)
  3 kobolds (D:1)
  2 frilled lizards (D:1)
  4 goblins (D:1)
  A rat (D:1)
16 creatures vanquished.

Notes
Turn   | Place    | Note
-------+----------+-------------------------------------------
     0 | D:1      | sauken the Demigod Fighter began the quest for the Orb.
     0 | D:1      | Reached XP level 1. HP: 18/18 MP: 3/3
   113 | D:1      | Found a shattered altar of Ashenzari.
   216 | D:1      | Reached XP level 2. HP: 21/25 MP: 4/4
   312 | D:1      | Reached skill level 3 in Fighting
   822 | D:2      | Gained mutation: Armour fits poorly on your strangely shaped body. [potion of mutation]
   822 | D:2      | Gained mutation: You possess an exceptional clarity of mind. [potion of mutation]
   822 | D:2      | Gained mutation: You can translocate small distances at will. [potion of mutation]
   828 | D:2      | Slain by a gnoll

Vault maps used:
D:1:      dpeg_arrival_chase, evilmike_ruin_ashenzari
D:2:      minmay_close_crescents, uniq_robin

Skill      XL: |  1  2 |
---------------+-------+-----
Axes           | 2 |  2.6
Fighting       | 3 |  3.0
Armour         | |  2.6
Shields        | |  2.6

Action                   || total
-------------------------++-------
Melee: War axe           ||    47
  Use: Potion            ||     2
Armor: Scale mail        ||    30
Dodge: Dodged            ||    33

Table legend:
 A = Spawn XP
 B = Non-spawn XP
 C = Spawn XP percentage of total XP
 D = Spawn monster count
 E = Non-spawn monster count
 F = Spawn count percentage of total count
 G = Total turns spent on level
                    A         B        C        D         E        F      G
               +---------+---------+-------+---------+---------+-------+---------
         Total |       0 |      28 |   0.0 |       0 |      16 |   0.0 |   828
               +---------+---------+-------+---------+---------+-------+---------
           D:1 |       0 |      28 |   0.0 |       0 |      16 |   0.0 |   797
               +---------+---------+-------+---------+---------+-------+---------
